 Dungeon Crawl Stone Soup version 0.21.1-1-g345015f (webtiles) character file.

45581 Melicamp the Frost Mage (level 14, -1/108 HPs)
             Began as a Gnoll Wanderer on Apr 6, 2018.
             Was a High Priest of Cheibriados.
             Slain by a death yak (12 damage)
             ... on level 5 of the Lair of Beasts.
             The game lasted 01:32:34 (21330 turns).

Melicamp the Frost Mage (Gnoll Wanderer)           Turns: 21330, Time: 01:32:35

Health: -1/108     AC: 16    Str: 25    XL:     14   Next: 33%
Magic:  18/27      EV: 20    Int: 26    God:    Cheibriados [*****.]
Gold:   1080       SH:  9    Dex: 31    Spells: 7/31 levels left

rFire    . . .     SeeInvis .   s - +4 rapier (elec)
rCold    + . .     Gourm    .   R - +0 buckler (curse)
rNeg     . . .     Faith    .   z - +5 scale mail "Ywofu" {Regen+ Int-2 Dex+2}
rPois    .         Spirit   .   (no helmet)
rElec    .         Reflect  .   a - +2 cloak {+Inv}
rCorr    .         Harm     .   (no gloves)
MR       +....                  (no boots)
Stlth    ++++......             q - amulet of magic regeneration
HPRegen  0.68/turn              n - ring of protection from fire
MPRegen  0.45/turn              w - ring of ice

@: very slow
A: distributed training, fangs 1, strong nose
a: Bend Time, Temporal Distortion, Slouch, Step From Time, Renounce Religion,
Evoke Invisibility


You were on level 5 of the Lair of Beasts.
You worshipped Cheibriados.
Cheibriados was extremely pleased with you.
You were hungry.

You visited 3 branches of the dungeon, and saw 18 of its levels.
You also visited: Ossuary.

You collected 1080 gold pieces.

Inventory:

Hand Weapons
 s - a +4 rapier of electrocution (weapon)
   (You found it on level 7 of the Dungeon)
Missiles
 c - 229 arrows
 t - 549 stones (quivered)
Armour
 a - a +2 cloak of invisibility (worn)
   (You took it off Maurice on level 9 of the Dungeon)
 i - a +1 ring mail of fire resistance
   (You found it on level 1 of the Dungeon)
 k - a +0 shield
   (You found it on level 1 of the Dungeon)
 z - the +5 scale mail "Ywofu" (worn) {Regen+ Int-2 Dex+2}
   (You found it on level 5 of the Dungeon)

   It affects your intelligence (-2).
   It affects your dexterity (+2).
   It increases your rate of regeneration.
 R - a cursed +0 buckler (worn)
   (You found it on level 5 of the Lair of Beasts)
Jewellery
 e - an uncursed ring of flight
   (You found it on level 9 of the Dungeon)
 m - a +2 amulet of reflection
   (You found it on level 3 of the Dungeon)
 n - a ring of protection from fire (left hand)
   (You took it off a gnoll on level 2 of the Dungeon)
 q - an amulet of magic regeneration (around neck)
   (You found it on level 5 of the Dungeon)
 w - a ring of ice (right hand)
   (You found it on level 11 of the Dungeon)
 K - an uncursed amulet of regeneration
   (You found it on level 3 of the Lair of Beasts)
 S - an uncursed ring of magical power
   (You found it on level 6 of the Lair of Beasts)
Wands
 l - a wand of flame (71)
   (You found it on level 2 of the Dungeon)
 o - a wand of clouds (4)
   (You found it on level 2 of the Dungeon)
 u - a wand of polymorph (30)
   (You found it on level 4 of the Dungeon)
 x - a wand of disintegration (9)
   (You found it on level 1 of the Lair of Beasts)
 B - a wand of iceblast (31)
   (You took it off Ijyb on level 5 of the Dungeon)
 M - a wand of acid (15)
   (You found it on level 4 of the Lair of Beasts)
 N - a wand of enslavement (8)
   (You took it off a wight on level 8 of the Dungeon)
Scrolls
 b - a scroll of amnesia
 A - 4 scrolls of teleportation
 E - 4 scrolls of enchant armour
 G - a scroll of enchant weapon
 P - 2 scrolls of remove curse
Potions
 h - 2 potions of agility
 j - 2 potions of magic
 p - 5 potions of brilliance
 v - 6 potions of flight
 D - 3 potions of heal wounds
 F - 12 potions of curing
 H - 3 potions of mutation
 I - 3 potions of ambrosia {unknown}
 L - 2 potions of lignification
 O - 2 potions of invisibility {unknown}
Books
 d - the Incunabulum of the Snowflakes

   Spells                             Type                      Level
   a - Throw Frost                    Conjuration/Ice              2
   b - Ensorcelled Hibernation        Hexes/Ice                    2
 g - a book of Enchantments
   (You found it on level 10 of the Dungeon)
 r - a book of Frost
   (You found it on level 2 of the Lair of Beasts)
 y - a book of Clouds
   (You found it on level 1 of the Lair of Beasts)
 C - a book of Battle
   (You found it on level 7 of the Dungeon)
 J - a book of Geomancy
   (You found it on level 8 of the Dungeon)
Comestibles
 f - 29 rations


   Skills:
 + Level 9.4 Fighting
 + Level 9.0 Short Blades
 + Level 9.0 Long Blades
 + Level 9.0 Axes
 + Level 9.0 Maces & Flails
 + Level 9.0 Polearms
 + Level 9.0 Staves
 + Level 9.0 Slings
 + Level 9.4 Bows
 + Level 9.0 Crossbows
 + Level 9.0 Throwing
 + Level 9.4 Armour
 + Level 9.0 Dodging
 + Level 9.3 Stealth
 + Level 9.4 Shields
 + Level 9.0 Unarmed Combat
 + Level 9.4 Spellcasting
 + Level 7.5 Conjurations
 + Level 7.5 Hexes
 + Level 7.5 Charms
 + Level 7.5 Summonings
 + Level 7.5 Necromancy
 + Level 7.5 Translocations
 + Level 7.5 Transmutations
 + Level 7.5 Fire Magic
 + Level 10.3 Ice Magic
 + Level 7.5 Air Magic
 + Level 7.5 Earth Magic
 + Level 7.5 Poison Magic
 + Level 9.8 Invocations
 + Level 9.0 Evocations


You had 7 spell levels left.
You knew the following spells:

 Your Spells              Type           Power        Failure   Level  Hunger
a - Throw Frost           Conj/Ice       ######       1%          2    None
b - Ensorcelled Hibernat  Hex/Ice        ######       1%          2    None
c - Song of Slaying       Chrm           ######..     1%          2    None
d - Spectral Weapon       Hex/Chrm       ######..     1%          3    None
e - Cause Fear            Hex            ######....   4%          4    #......
f - Mephitic Cloud        Conj/Pois/Air  ######..     1%          3    None
g - Summon Ice Beast      Ice/Summ       ######..     2%          4    #......
h - Throw Icicle          Conj/Ice       ######..     2%          4    #......


Dungeon Overview and Level Annotations

Branches:
Dungeon (11/15)            Temple (1/1) D:7            Lair (6/6) D:8
 Shoals (0/4) Lair:4        Snake (0/4) Lair:2        Slime (0/5) Lair:5
    Orc (0/2) D:11

Altars:
Ashenzari
Cheibriados
Dithmenos
Elyvilon
Fedhas
Gozag
Hepliaklqana
Kikubaaqudgha
Makhleb
Nemelex Xobeh
Okawaru
Qazlal
Ru
Sif Muna
Trog
Uskayaw
Vehumet
Wu Jian
Xom
Yredelemnul
Zin
The Shining One

Shops:
D:5 *

Annotations:
Lair:3 exclusion: oklob plant
Lair:5 1 transporter


Innate Abilities, Weirdness & Mutations

Your experience applies equally to all skills.
You have very sharp teeth.
Your uncanny sense of smell can sniff out nearby items.


Message History

The death yak gores your ice beast!!
Your ice beast dies!
The death yak misses you.
You hit the death yak but do no damage.
The death yak is severely wounded.
Your spectral weapon hits the death yak.
You barely miss the death yak.
The death yak is severely wounded.
Your spectral weapon hits the death yak.
The death yak gores you!
You hit the death yak. You bite the death yak.
The death yak is almost dead.
Your spectral weapon fades away.
You block the death yak's attack. The death yak misses you.
You puncture the death yak!
The death yak is almost dead.
The death yak gores you but does no damage.
Casting: Summon Ice Beast
Confirm with . or Enter, or press ? or * to list all spells.
You feel a surge of power! A chill wind blows around you.
The death yak gores your ice beast!!
The blink frog hits your ice beast but does no damage.
The death yak closely misses you.
The death yak gores you but does no damage.
Casting: Summon Ice Beast
Confirm with . or Enter, or press ? or * to list all spells.
You draw out your weapon's spirit!
The blink frog closely misses your ice beast.
The death yak closely misses your ice beast.
The death yak misses you. The death yak gores you!
The blink frog hits your ice beast!
The blink frog blinks! 2 blink frogs come into view.
You hit the death yak.
The death yak is almost dead.
Your spectral weapon hits the death yak but does no damage.
The death yak gores you but does no damage.
You hit the death yak.
You bite the death yak, but do no damage.
The death yak is almost dead.
Your spectral weapon hits the death yak.
You kill the death yak!
Cheibriados thoroughly appreciates the change of pace.
Your Short Blades skill increases to level 9!
Your Long Blades skill increases to level 9!
Your Axes skill increases to level 9!
Your Maces & Flails skill increases to level 9!
Your Polearms skill increases to level 9!
Your Staves skill increases to level 9!
Your Slings skill increases to level 9!
Your Crossbows skill increases to level 9!
Your Throwing skill increases to level 9!
Your Dodging skill increases to level 9!
Your Unarmed Combat skill increases to level 9!
Your Evocations skill increases to level 9!
Your ice beast hits the blink frog.
Your ice beast freezes the blink frog!
The blink frog seems to slow down.
The death yak closely misses you.
A blink frog comes into view.
You swap places.
The blink frog blinks!
Your ice beast completely misses the blink frog.
The death yak barely misses your spectral weapon.
The blink frog blinks!
The death yak completely misses you.
Your ice beast hits the blink frog.
Your ice beast freezes the blink frog!!
The blink frog seems to slow down.
The blink frog dies!
Cheibriados appreciates the change of pace.
The death yak barely misses your spectral weapon.
You hit the death yak but do no damage.
The death yak is severely wounded.
Your spectral weapon hits the death yak!
The death yak barely misses your spectral weapon.
You hit the death yak.
You bite the death yak, but do no damage.
The death yak is almost dead.
Your spectral weapon hits the death yak!
You kill the death yak!
Cheibriados appreciates the change of pace.
Your ice beast hits the death yak but does no damage.
The blink frog hits you.
You puncture the death yak!
Lightning courses through the death yak!
The death yak is heavily wounded.
Your spectral weapon hits the death yak.
Lightning courses through the death yak!
The death yak gores you!!
* * * LOW HITPOINT WARNING * * *
The blink frog hits you!
* * * LOW HITPOINT WARNING * * *
The blink frog blinks!
The death yak gores your spectral weapon!
Your spectral weapon shares its damage with you!
* * * LOW HITPOINT WARNING * * *
You block the blink frog's attack. Really harm your spectral weapon?
You can feel time thicken for a moment.
You kill the blink frog!
Cheibriados thoroughly appreciates the change of pace.
Your spectral weapon fades away.
You feel somewhat more hungry.
Cheibriados lowers the support of your attributes as your movement quickens.
The death yak gores you!
You die...

# . ## ....
#. ......
##. ......
#.# ......
##.
....†.#####
#. #...#@#
#.
###§FY.###
##.
#........# ∆
∆ #..
##........#
∆∆∆ #..
##P........#
##.
#P.........#
##.
##.........#
#..
#.....=...##
###.. #
#..........#
...§§#....


You could see a death yak and a blink frog.

Vanquished Creatures
  The ghost of bmj180 the Slicer, a journeyman HaFi of Okawaru (D:10)
  8 hydras
  Erica (D:10)
  3 two-headed ogres
  A catoblepas (Lair:2)
  4 death yaks (Lair:5)
  Sonja (Lair:1)
  Pikel (D:3)
  2 ugly things (D:11)
  A necromancer (Lair:3)
  An oklob plant (Lair:5)
  Maurice (D:9)
  A merfolk siren (Lair:4)
  Joseph (Lair:1)
  4 black mambas
  4 rime drakes
  12 spiny frogs
  2 torpor snails
  2 centaur skeletons (D:11)
  Psyche (D:10)
  4 komodo dragons
  A troll (D:10)
  The ghost of salinator123 the Slasher, an amateur HOFi (D:4)
  A merfolk (D:11)
  2 hornets
  3 slime creatures
  14 hippogriffs
  6 blink frogs (Lair:5)
  39 yaks
  13 water moccasins
  2 nagas (Lair:2)
  Duvessa (D:7)
  11 porcupines
  A slave (D:3)
  7 black bears
  A swamp drake (D:11)
  2 necrophages
  2 ice beasts
  5 orc warriors
  A centaur (D:6)
  9 wolves
  9 ogres
  7 crocodiles
  19 bullfrogs
  Dowan (D:7)
  A wyvern skeleton (D:7)
  6 scorpions
  25 killer bees
  3 wights (D:8)
  5 howler monkeys
  7 crimson imps
  A bullfrog zombie (D:6)
  3 centaur zombies
  4 quasits
  6 hounds
  3 jellies
  A human zombie (Ossuary)
  6 orc priests
  Crazy Yiuf (D:7)
  2 bullfrog skeletons
  5 worker ants
  5 iguanas
  9 orc wizards
  Ijyb (D:5)
  Natasha (thrice) (D:4)
  2 yak simulacra (Lair:3)
  4 polar bear simulacra (Lair:3)
  A killer bee zombie (D:8)
  3 wolf simulacra (Lair:3)
  A big kobold zombie (Ossuary)
  3 mummies (Ossuary)
  A howler monkey skeleton (D:4)
  2 worker ant zombies
  11 adders
  7 gnolls (D:2)
  4 shadow imps
  2 oozes
  An adder zombie (D:8)
  An adder skeleton (D:10)
  2 dart slugs
  5 worms
  8 leopard geckos
  43 orcs
  10 bats
  4 giant cockroaches
  A gnoll zombie (Ossuary)
  9 goblins
  5 hobgoblins
  2 jackals (D:2)
  5 kobolds
  2 quokkas
  4 ball pythons
  2 frilled lizards
  2 goblin zombies (Ossuary)
  A hobgoblin zombie (Ossuary)
  A jackal skeleton (D:5)
  11 rats
  2 river rat simulacra (Lair:3)
  A spectral weapon (Lair:5)
474 creatures vanquished.

Vanquished Creatures (collateral kills)
  A blink frog (Lair:5)
1 creature vanquished.

Vanquished Creatures (others)
  A fire bat (D:4)
  Grinder (D:4)
  2 slaves (D:4)
  An orc priest (D:4)
  3 orcs (D:4)
  A frilled lizard (D:4)
  2 bushes (Lair:5)
  43 fungi
  8 plants
62 creatures vanquished.

Grand Total: 537 creatures vanquished

Notes
Turn   | Place    | Note
-------+----------+-------------------------------------------
     0 | D:1      | Melicamp the Gnoll Wanderer began the quest for the Orb.
     0 | D:1      | Melicamp set off with: a +2 scale mail, a +0 shortbow, 24 arrows, the Incunabulum of the Snowflakes, a ration
     0 | D:1      | Reached XP level 1. HP: 17/17 MP: 4/4
     0 | D:1      | Identified the Incunabulum of the Snowflakes
    96 | D:1      | Reached XP level 2. HP: 23/23 MP: 5/5
   238 | D:1      | Learned a level 2 spell: Throw Frost
   576 | D:1      | Reached XP level 3. HP: 28/28 MP: 7/7
  1193 | D:2      | Reached skill level 1 in Invocations
  1335 | D:2      | Reached skill level 1 in Short Blades
  1335 | D:2      | Reached skill level 1 in Long Blades
  1335 | D:2      | Reached skill level 1 in Axes
  1335 | D:2      | Reached skill level 1 in Maces & Flails
  1335 | D:2      | Reached skill level 1 in Polearms
  1335 | D:2      | Reached skill level 1 in Staves
  1335 | D:2      | Reached skill level 1 in Slings
  1335 | D:2      | Reached skill level 1 in Crossbows
  1335 | D:2      | Reached skill level 1 in Throwing
  1335 | D:2      | Reached skill level 1 in Dodging
  1335 | D:2      | Reached skill level 1 in Unarmed Combat
  1335 | D:2      | Reached skill level 1 in Evocations
  1342 | D:2      | Reached XP level 4. HP: 34/34 MP: 1/8
  1410 | D:2      | Reached skill level 3 in Spellcasting
  1427 | D:2      | Reached skill level 1 in Conjurations
  1427 | D:2      | Reached skill level 1 in Hexes
  1427 | D:2      | Reached skill level 1 in Charms
  1427 | D:2      | Reached skill level 1 in Summonings
  1427 | D:2      | Reached skill level 1 in Necromancy
  1427 | D:2      | Reached skill level 1 in Translocations
  1427 | D:2      | Reached skill level 1 in Transmutations
  1427 | D:2      | Reached skill level 1 in Fire Magic
  1427 | D:2      | Reached skill level 1 in Air Magic
  1427 | D:2      | Reached skill level 1 in Earth Magic
  1427 | D:2      | Reached skill level 1 in Poison Magic
  1733 | D:2      | Reached XP level 5. HP: 15/40 MP: 0/9
  2003 | D:2      | Found a burning altar of Makhleb.
  2005 | D:2      | Found a hide-covered altar of Uskayaw.
  2005 | D:2      | Found an opulent altar of Gozag.
  2006 | D:2      | Found a bloodstained altar of Trog.
  2832 | D:2      | Learned a level 2 spell: Ensorcelled Hibernation
  2860 | D:3      | Reached skill level 3 in Fighting
  2860 | D:3      | Reached skill level 3 in Bows
  2860 | D:3      | Reached skill level 3 in Armour
  2860 | D:3      | Reached skill level 3 in Shields
  3317 | D:3      | Reached skill level 2 in Invocations
  3317 | D:3      | Reached XP level 6. HP: 37/47 MP: 10/10
  3389 | D:3      | Reached skill level 3 in Stealth
  4066 | D:4      | Noticed a slave
  4074 | D:4      | Noticed a slave
  4075 | D:4      | Noticed a slave
  4075 | D:4      | Noticed salinator123's ghost (amateur HOFi)
  4093 | D:3      | Killed a slave
  4301 | D:4      | Noticed Pikel
  4309 | D:3      | HP: 11/47 [Pikel/whip of electrocution (12)]
  4313 | D:3      | Killed Pikel
  4313 | D:3      | Reached skill level 2 in Short Blades
  4313 | D:3      | Reached skill level 2 in Long Blades
  4313 | D:3      | Reached skill level 2 in Axes
  4313 | D:3      | Reached skill level 2 in Maces & Flails
  4313 | D:3      | Reached skill level 2 in Polearms
  4313 | D:3      | Reached skill level 2 in Staves
  4313 | D:3      | Reached skill level 2 in Slings
  4313 | D:3      | Reached skill level 2 in Crossbows
  4313 | D:3      | Reached skill level 2 in Throwing
  4313 | D:3      | Reached skill level 2 in Dodging
  4313 | D:3      | Reached skill level 2 in Unarmed Combat
  4313 | D:3      | Reached skill level 2 in Conjurations
  4313 | D:3      | Reached skill level 2 in Hexes
  4313 | D:3      | Reached skill level 2 in Charms
  4313 | D:3      | Reached skill level 2 in Summonings
  4313 | D:3      | Reached skill level 2 in Necromancy
  4313 | D:3      | Reached skill level 2 in Translocations
  4313 | D:3      | Reached skill level 2 in Transmutations
  4313 | D:3      | Reached skill level 2 in Fire Magic
  4313 | D:3      | Reached skill level 2 in Air Magic
  4313 | D:3      | Reached skill level 2 in Earth Magic
  4313 | D:3      | Reached skill level 2 in Poison Magic
  4313 | D:3      | Reached skill level 2 in Evocations
  4313 | D:3      | Reached XP level 7. HP: 6/53 MP: 0/12
  4608 | D:4      | Noticed Grinder
  4618 | D:4      | Killed Grinder
  4619 | D:4      | Noticed a fire bat
  4768 | D:4      | Reached skill level 4 in Spellcasting
  4768 | D:4      | Reached skill level 3 in Invocations
  4937 | D:4      | Killed a fire bat
  5013 | D:4      | Reached XP level 8. HP: 54/60 MP: 14/14
  5308 | D:4      | Killed salinator123's ghost
  5308 | D:4      | Reached skill level 4 in Fighting
  5308 | D:4      | Reached skill level 3 in Short Blades
  5308 | D:4      | Reached skill level 3 in Long Blades
  5308 | D:4      | Reached skill level 3 in Axes
  5308 | D:4      | Reached skill level 3 in Maces & Flails
  5308 | D:4      | Reached skill level 3 in Polearms
  5308 | D:4      | Reached skill level 3 in Staves
  5308 | D:4      | Reached skill level 3 in Slings
  5308 | D:4      | Reached skill level 4 in Bows
  5308 | D:4      | Reached skill level 3 in Crossbows
  5308 | D:4      | Reached skill level 3 in Throwing
  5308 | D:4      | Reached skill level 4 in Armour
  5308 | D:4      | Reached skill level 3 in Dodging
  5308 | D:4      | Reached skill level 4 in Stealth
  5308 | D:4      | Reached skill level 4 in Shields
  5308 | D:4      | Reached skill level 3 in Unarmed Combat
  5308 | D:4      | Reached skill level 3 in Evocations
  5381 | D:4      | Noticed Natasha
  5399 | D:4      | Killed Natasha
  5526 | D:4      | Noticed Natasha
  5528 | D:4      | Killed Natasha
  5811 | D:4      | Noticed Natasha
  5814 | D:4      | Killed Natasha
  5981 | D:4      | Found a shadowy altar of Dithmenos.
  5981 | D:4      | Found a basalt altar of Yredelemnul.
  6067 | D:5      | Entered Level 5 of the Dungeon
  6314 | D:5      | Got a polished scale mail
  6353 | D:5      | Found Qid Baw Jei's Assorted Antiques.
  6379 | D:5      | Noticed Ijyb
  6385 | D:5      | Killed Ijyb
  6845 | D:5      | Reached skill level 4 in Invocations
  7050 | D:5      | Reached skill level 3 in Conjurations
  7050 | D:5      | Reached skill level 3 in Hexes
  7050 | D:5      | Reached skill level 3 in Charms
  7050 | D:5      | Reached skill level 3 in Summonings
  7050 | D:5      | Reached skill level 3 in Necromancy
  7050 | D:5      | Reached skill level 3 in Translocations
  7050 | D:5      | Reached skill level 3 in Transmutations
  7050 | D:5      | Reached skill level 3 in Fire Magic
  7050 | D:5      | Reached skill level 3 in Air Magic
  7050 | D:5      | Reached skill level 3 in Earth Magic
  7050 | D:5      | Reached skill level 3 in Poison Magic
  7134 | D:6      | Reached XP level 9. HP: 42/66 MP: 16/16
  7265 | D:6      | Found a sand-covered staircase.
  7408 | Ossuary  | Entered an ossuary
  7864 | D:6      | Reached skill level 4 in Short Blades
  7864 | D:6      | Reached skill level 4 in Long Blades
  7864 | D:6      | Reached skill level 4 in Axes
  7864 | D:6      | Reached skill level 4 in Maces & Flails
  7864 | D:6      | Reached skill level 4 in Polearms
  7864 | D:6      | Reached skill level 4 in Staves
  7864 | D:6      | Reached skill level 4 in Slings
  7864 | D:6      | Reached skill level 4 in Crossbows
  7864 | D:6      | Reached skill level 4 in Throwing
  7864 | D:6      | Reached skill level 4 in Dodging
  7864 | D:6      | Reached skill level 4 in Unarmed Combat
  7864 | D:6      | Reached skill level 4 in Evocations
  7913 | D:6      | Noticed a hornet
  7921 | D:6      | Killed a hornet
  7921 | D:6      | Reached skill level 5 in Spellcasting
  8117 | D:6      | Reached skill level 8 in Ice Magic
  8336 | D:6      | Reached skill level 5 in Fighting
  8336 | D:6      | Reached skill level 5 in Bows
  8336 | D:6      | Reached skill level 5 in Armour
  8336 | D:6      | Reached skill level 5 in Shields
  8656 | D:6      | Reached skill level 5 in Stealth
  9277 | D:7      | Learned a level 2 spell: Song of Slaying
  9281 | D:7      | Learned a level 3 spell: Spectral Weapon
  9588 | D:7      | Reached skill level 5 in Invocations
  9602 | D:7      | Found a staircase to the Ecumenical Temple.
  9611 | Temple   | Entered the Ecumenical Temple
  9700 | Temple   | Became a worshipper of Cheibriados the Contemplative
  9974 | D:7      | Found a runed door.
 10042 | D:7      | Noticed Dowan
 10043 | D:7      | Noticed Duvessa
 10052 | D:7      | Killed Duvessa
 10054 | D:7      | Killed Dowan
 10339 | D:7      | Noticed Crazy Yiuf
 10342 | D:7      | Killed Crazy Yiuf
 10342 | D:7      | Reached XP level 10. HP: 74/74 MP: 13/18
 10402 | D:8      | Reached skill level 4 in Conjurations
 10402 | D:8      | Reached skill level 4 in Hexes
 10402 | D:8      | Reached skill level 4 in Charms
 10402 | D:8      | Reached skill level 4 in Summonings
 10402 | D:8      | Reached skill level 4 in Necromancy
 10402 | D:8      | Reached skill level 4 in Translocations
 10402 | D:8      | Reached skill level 4 in Transmutations
 10402 | D:8      | Reached skill level 4 in Fire Magic
 10402 | D:8      | Reached skill level 4 in Air Magic
 10402 | D:8      | Reached skill level 4 in Earth Magic
 10402 | D:8      | Reached skill level 4 in Poison Magic
 10611 | D:8      | Reached skill level 5 in Short Blades
 10611 | D:8      | Reached skill level 5 in Long Blades
 10611 | D:8      | Reached skill level 5 in Axes
 10611 | D:8      | Reached skill level 5 in Maces & Flails
 10611 | D:8      | Reached skill level 5 in Polearms
 10611 | D:8      | Reached skill level 5 in Staves
 10611 | D:8      | Reached skill level 5 in Slings
 10611 | D:8      | Reached skill level 5 in Crossbows
 10611 | D:8      | Reached skill level 5 in Throwing
 10611 | D:8      | Reached skill level 5 in Dodging
 10611 | D:8      | Reached skill level 5 in Unarmed Combat
 10611 | D:8      | Reached skill level 5 in Evocations
 10833 | D:8      | Found a staircase to the Lair.
 10926 | D:8      | Reached * piety under Cheibriados
 11323 | D:8      | Found an iron altar of Okawaru.
 11332 | D:8      | Reached skill level 6 in Spellcasting
 11970 | D:8      | Reached skill level 6 in Fighting
 11970 | D:8      | Reached skill level 6 in Bows
 11970 | D:8      | Reached skill level 6 in Armour
 11970 | D:8      | Reached skill level 6 in Shields
 11986 | D:8      | Noticed a two-headed ogre
 11998 | D:8      | Killed a two-headed ogre
 11998 | D:8      | Reached ** piety under Cheibriados
 11998 | D:8      | Reached skill level 6 in Stealth
 11998 | D:8      | Reached skill level 6 in Invocations
 12089 | D:8      | Noticed a two-headed ogre
 12102 | D:8      | Killed a two-headed ogre
 12102 | D:8      | Reached XP level 11. HP: 63/82 MP: 10/20
 12691 | D:8      | Identified the +5 scale mail "Ywofu" {Regen+ Int-2 Dex+2} (You found it on level 5 of the Dungeon)
 12824 | D:9      | Noticed Maurice
 12844 | D:9      | Killed Maurice
 12945 | D:9      | Got a dazzling flail
 12946 | D:9      | Identified the +6 flail "Seecie" {flame, Dex+3} (You found it on level 9 of the Dungeon)
 13107 | D:9      | Reached *** piety under Cheibriados
 13501 | D:10     | Entered Level 10 of the Dungeon
 13565 | D:9      | Reached skill level 6 in Short Blades
 13565 | D:9      | Reached skill level 6 in Long Blades
 13565 | D:9      | Reached skill level 6 in Axes
 13565 | D:9      | Reached skill level 6 in Maces & Flails
 13565 | D:9      | Reached skill level 6 in Polearms
 13565 | D:9      | Reached skill level 6 in Staves
 13565 | D:9      | Reached skill level 6 in Slings
 13565 | D:9      | Reached skill level 6 in Crossbows
 13565 | D:9      | Reached skill level 6 in Throwing
 13565 | D:9      | Reached skill level 6 in Dodging
 13565 | D:9      | Reached skill level 6 in Unarmed Combat
 13565 | D:9      | Reached skill level 6 in Evocations
 13572 | D:9      | HP: 25/124 [slime creature (10)]
 13573 | D:9      | Reached skill level 5 in Conjurations
 13573 | D:9      | Reached skill level 5 in Hexes
 13573 | D:9      | Reached skill level 5 in Charms
 13573 | D:9      | Reached skill level 5 in Summonings
 13573 | D:9      | Reached skill level 5 in Necromancy
 13573 | D:9      | Reached skill level 5 in Translocations
 13573 | D:9      | Reached skill level 5 in Transmutations
 13573 | D:9      | Reached skill level 5 in Fire Magic
 13573 | D:9      | Reached skill level 5 in Air Magic
 13573 | D:9      | Reached skill level 5 in Earth Magic
 13573 | D:9      | Reached skill level 5 in Poison Magic
 13792 | D:10     | Noticed bmj180's ghost (journeyman HaFi)
 13826 | D:10     | Killed bmj180's ghost
 14084 | D:10     | Reached skill level 7 in Spellcasting
 14189 | D:10     | Noticed Erica
 14211 | D:10     | Killed Erica
 14211 | D:10     | Reached skill level 7 in Fighting
 14211 | D:10     | Reached skill level 7 in Bows
 14211 | D:10     | Reached skill level 7 in Armour
 14211 | D:10     | Reached skill level 7 in Shields
 14211 | D:10     | Reached skill level 9 in Ice Magic
 14211 | D:10     | Reached skill level 7 in Invocations
 14261 | D:10     | Reached **** piety under Cheibriados
 14463 | D:10     | Reached skill level 7 in Stealth
 14600 | D:10     | Noticed Psyche
 14611 | D:10     | Killed Psyche
 14770 | D:11     | Noticed a purple ugly thing
 14799 | D:11     | Killed a purple ugly thing
 14954 | D:11     | Reached XP level 12. HP: 85/91 MP: 23/23
 14971 | D:11     | Noticed a two-headed ogre
 14982 | D:11     | Killed a two-headed ogre
 15121 | D:11     | Reached ***** piety under Cheibriados
 15251 | D:11     | Reached skill level 7 in Short Blades
 15251 | D:11     | Reached skill level 7 in Long Blades
 15251 | D:11     | Reached skill level 7 in Axes
 15251 | D:11     | Reached skill level 7 in Maces & Flails
 15251 | D:11     | Reached skill level 7 in Polearms
 15251 | D:11     | Reached skill level 7 in Staves
 15251 | D:11     | Reached skill level 7 in Slings
 15251 | D:11     | Reached skill level 7 in Crossbows
 15251 | D:11     | Reached skill level 7 in Throwing
 15251 | D:11     | Reached skill level 7 in Dodging
 15251 | D:11     | Reached skill level 7 in Unarmed Combat
 15251 | D:11     | Reached skill level 7 in Evocations
 15355 | D:11     | Found a staircase to the Orcish Mines.
 15983 | Lair:1   | Entered Level 1 of the Lair of Beasts
 16097 | Lair:1   | Reached skill level 6 in Conjurations
 16097 | Lair:1   | Reached skill level 6 in Hexes
 16097 | Lair:1   | Reached skill level 6 in Charms
 16097 | Lair:1   | Reached skill level 6 in Summonings
 16097 | Lair:1   | Reached skill level 6 in Necromancy
 16097 | Lair:1   | Reached skill level 6 in Translocations
 16097 | Lair:1   | Reached skill level 6 in Transmutations
 16097 | Lair:1   | Reached skill level 6 in Fire Magic
 16097 | Lair:1   | Reached skill level 6 in Air Magic
 16097 | Lair:1   | Reached skill level 6 in Earth Magic
 16097 | Lair:1   | Reached skill level 6 in Poison Magic
 16146 | Lair:1   | Noticed Sonja
 16150 | Lair:1   | Killed Sonja
 16217 | Lair:1   | Learned a level 4 spell: Cause Fear
 16293 | Lair:1   | Noticed a five-headed hydra
 16298 | Lair:1   | Noticed an eight-headed hydra
 16312 | Lair:1   | Reached skill level 8 in Invocations
 16329 | Lair:1   | Noticed a five-headed hydra
 16508 | Lair:1   | Killed a five-headed hydra
 16508 | Lair:1   | Reached skill level 8 in Spellcasting
 16559 | Lair:1   | Noticed Joseph
 16569 | Lair:1   | Noticed a seven-headed hydra
 16580 | Lair:1   | Killed Joseph
 16591 | Lair:1   | HP: 23/92 [seven-headed hydra (6)]
 16594 | Lair:1   | Killed a seven-headed hydra
 16594 | Lair:1   | Reached skill level 8 in Fighting
 16594 | Lair:1   | Reached skill level 8 in Bows
 16594 | Lair:1   | Reached skill level 8 in Armour
 16594 | Lair:1   | Reached skill level 8 in Shields
 16714 | Lair:1   | Learned a level 3 spell: Mephitic Cloud
 16758 | Lair:1   | Killed a five-headed hydra
 16758 | Lair:1   | Reached skill level 8 in Stealth
 16768 | Lair:1   | Learned a level 1 spell: Sandblast
 17126 | Lair:2   | Reached XP level 13. HP: 63/98 MP: 20/25
 17436 | Lair:2   | Found a staircase to the Snake Pit.
 17469 | Lair:2   | Reached skill level 8 in Short Blades
 17469 | Lair:2   | Reached skill level 8 in Long Blades
 17469 | Lair:2   | Reached skill level 8 in Axes
 17469 | Lair:2   | Reached skill level 8 in Maces & Flails
 17469 | Lair:2   | Reached skill level 8 in Polearms
 17469 | Lair:2   | Reached skill level 8 in Staves
 17469 | Lair:2   | Reached skill level 8 in Slings
 17469 | Lair:2   | Reached skill level 8 in Crossbows
 17469 | Lair:2   | Reached skill level 8 in Throwing
 17469 | Lair:2   | Reached skill level 8 in Dodging
 17469 | Lair:2   | Reached skill level 8 in Unarmed Combat
 17469 | Lair:2   | Reached skill level 8 in Evocations
 17902 | Lair:2   | Got a polished plate armour
 17918 | Lair:2   | Identified the cursed +0 plate armour "Miruotet" {-Tele Regen+ Str+9} (You found it on level 2 of the Lair of Beasts)
 18069 | Lair:2   | Learned a level 4 spell: Throw Icicle
 18315 | Lair:2   | HP: 14/99 [death yak[a torpor snail] (15)]
 18577 | Lair:3   | Reached skill level 9 in Invocations
 18848 | Lair:3   | Reached skill level 10 in Ice Magic
 19113 | Lair:3   | Reached skill level 7 in Conjurations
 19113 | Lair:3   | Reached skill level 7 in Hexes
 19113 | Lair:3   | Reached skill level 7 in Charms
 19113 | Lair:3   | Reached skill level 7 in Summonings
 19113 | Lair:3   | Reached skill level 7 in Necromancy
 19113 | Lair:3   | Reached skill level 7 in Translocations
 19113 | Lair:3   | Reached skill level 7 in Transmutations
 19113 | Lair:3   | Reached skill level 7 in Fire Magic
 19113 | Lair:3   | Reached skill level 7 in Air Magic
 19113 | Lair:3   | Reached skill level 7 in Earth Magic
 19113 | Lair:3   | Reached skill level 7 in Poison Magic
 19628 | Lair:4   | Reached skill level 9 in Spellcasting
 19826 | Lair:4   | Reached skill level 9 in Fighting
 19826 | Lair:4   | Reached skill level 9 in Bows
 19826 | Lair:4   | Reached skill level 9 in Armour
 19826 | Lair:4   | Reached skill level 9 in Shields
 20150 | Lair:4   | Found a staircase to the Shoals.
 20317 | Lair:5   | You fall through a shaft!
 20317 | Lair:6   | Entered Level 6 of the Lair of Beasts
 20378 | Lair:6   | Reached skill level 9 in Stealth
 20527 | Lair:5   | Reached XP level 14. HP: 85/108 MP: 27/27
 20786 | Lair:5   | Found a transporter.
 21194 | Lair:5   | Found a staircase to the Slime Pits.
 21290 | Lair:5   | Learned a level 4 spell: Summon Ice Beast
 21324 | Lair:5   | Reached skill level 9 in Short Blades
 21324 | Lair:5   | Reached skill level 9 in Long Blades
 21324 | Lair:5   | Reached skill level 9 in Axes
 21324 | Lair:5   | Reached skill level 9 in Maces & Flails
 21324 | Lair:5   | Reached skill level 9 in Polearms
 21324 | Lair:5   | Reached skill level 9 in Staves
 21324 | Lair:5   | Reached skill level 9 in Slings
 21324 | Lair:5   | Reached skill level 9 in Crossbows
 21324 | Lair:5   | Reached skill level 9 in Throwing
 21324 | Lair:5   | Reached skill level 9 in Dodging
 21324 | Lair:5   | Reached skill level 9 in Unarmed Combat
 21324 | Lair:5   | Reached skill level 9 in Evocations
 21328 | Lair:5   | HP: 26/108 [death yak (21)]
 21329 | Lair:5   | HP: 11/108 [death yak (7)]
 21330 | Lair:5   | Slain by a death yak

Skill      XL: |  1  2  3  4  5  6  7  8  9 10 11 12 13 14 |
---------------+-------------------------------------------+-----
Invocations    | 1 2 3 4 5 6 7 8 9 |  9.8
Short Blades   | 1 2 3 4 5 6 7 8 9 |  9.0
Long Blades    | 1 2 3 4 5 6 7 8 9 |  9.0
Axes           | 1 2 3 4 5 6 7 8 9 |  9.0
Maces & Flails | 1 2 3 4 5 6 7 8 9 |  9.0
Polearms       | 1 2 3 4 5 6 7 8 9 |  9.0
Staves         | 1 2 3 4 5 6 7 8 9 |  9.0
Slings         | 1 2 3 4 5 6 7 8 9 |  9.0
Crossbows      | 1 2 3 4 5 6 7 8 9 |  9.0
Throwing       | 1 2 3 4 5 6 7 8 9 |  9.0
Dodging        | 1 2 3 4 5 6 7 8 9 |  9.0
Unarmed Combat | 1 2 3 4 5 6 7 8 9 |  9.0
Evocations     | 1 2 3 4 5 6 7 8 9 |  9.0
Spellcasting   | 3 4 5 6 7 8 9 |  9.4
Conjurations   | 1 2 3 4 5 6 7 |  7.5
Hexes          | 1 2 3 4 5 6 7 |  7.5
Charms         | 1 2 3 4 5 6 7 |  7.5
Summonings     | 1 2 3 4 5 6 7 |  7.5
Necromancy     | 1 2 3 4 5 6 7 |  7.5
Translocations | 1 2 3 4 5 6 7 |  7.5
Transmutations | 1 2 3 4 5 6 7 |  7.5
Fire Magic     | 1 2 3 4 5 6 7 |  7.5
Air Magic      | 1 2 3 4 5 6 7 |  7.5
Earth Magic    | 1 2 3 4 5 6 7 |  7.5
Poison Magic   | 1 2 3 4 5 6 7 |  7.5
Fighting       | 3 4 5 6 7 8 9 |  9.4
Bows           | 3 4 5 6 7 8 9 |  9.4
Armour         | 3 4 5 6 7 8 9 |  9.4
Shields        | 3 4 5 6 7 8 9 |  9.4
Stealth        | 3 4 5 6 7 8 9 |  9.3
Ice Magic      | 8 9 10 | 10.3

Action                   |  1- 3 |  4- 6 |  7- 9 | 10-12 | 13-15 || total
-------------------------+-------+-------+-------+-------+-------++-------
Melee: Short sword       |     3 |       |       |       |       ||     3
       Unarmed           |       |    28 |     5 |       |       ||    33
       Bite              |       |    11 |    22 |    87 |    79 ||   199
       Halberd           |       |    75 |       |       |       ||    75
       Whip              |       |       |   257 |   175 |       ||   432
       Punch             |       |       |     5 |    20 |    24 ||    49
       Rapier            |       |       |       |   322 |   333 ||   655
       Flail             |       |       |       |    29 |       ||    29
 Fire: Shortbow          |    69 |    24 |       |       |       ||    93
Throw: Javelin           |       |    14 |     5 |       |       ||    19
       Stone             |       |     1 |       |       |     2 ||     3
 Cast: Throw Frost       |    13 |    56 |   113 |   144 |    41 ||   367
       Ensorcelled Hiber |       |       |     1 |    36 |     8 ||    45
       Cause Fear        |       |       |       |     1 |     4 ||     5
       Throw Icicle      |       |       |       |       |    34 ||    34
       Mephitic Cloud    |       |       |       |       |     4 ||     4
       Spectral Weapon   |       |       |       |       |     5 ||     5
       Summon Ice Beast  |       |       |       |       |     3 ||     3
Invok: Slouch            |       |       |       |     7 |     1 ||     8
 Abil: Evoke Invisibilit |       |       |       |     5 |     6 ||    11
Evoke: Wand              |       |     1 |     6 |    18 |     3 ||    28
  Use: Scroll            |       |     2 |    14 |    13 |     5 ||    34
       Potion            |       |       |     3 |     5 |       ||     8
 Stab: Sleeping          |       |     1 |     3 |    18 |    17 ||    39
       Invisible         |       |       |       |     8 |     2 ||    10
       Confused          |       |       |       |     1 |     4 ||     5
  Eat: Chunk             |     2 |     6 |    14 |    11 |     4 ||    37
       Ration            |       |     2 |     2 |     1 |     2 ||     7
Armor: Scale mail        |     6 |       |       |   149 |    79 ||   234
       Ring mail         |     7 |    34 |    60 |    28 |       ||   129
       Skin              |       |       |     3 |     1 |       ||     4
Dodge: Dodged            |     9 |    63 |   159 |   416 |   211 ||   858
Block: Buckler           |       |       |       |       |     3 ||     3

Vault maps used:
D:1:      dpeg_arrival_refuge, minmay_misc_feat_square,
          minmay_misc_feat_diagonals, hex_intersection
D:2:      chequers_temple_overflow_statue_of_worship
D:4:      nicolae_overflow_hidden_temple, uniq_natasha, uniq_grinder, uniq_pikel
D:5:      serial_shops, shop_coins, first_ration, uniq_ijyb
D:6:      kennysheep_six_static_rooms, nicolae_ossuary_entry_ruins
D:7:      temple_hall, uniq_duvessa, uniq_crazy_yiuf_cottage
D:8:      due_lair_maze_entry_diamond, basic_altar
D:9:      uniq_maurice
D:10:     uniq_psyche, uniq_erica
D:11:     erik_orc_1, hangedman_fish_farm
Temple:   lightli_temple_of_artemis
Lair:1:   grunt_megastairs_2, uniq_joseph, uniq_sonja
Lair:2:   cheibrodos_lair_river_kwai, minmay_snake_entry_guardpost_small,
          nicolae_lair_grove_arrangements, serial_bayou_pond_d,
          lemuel_fruit_tree
Lair:3:   eino_house_with_fridge, grunt_megastairs_4
Lair:4:   minmay_shoals_entry_lonely_mermaid, grunt_megastairs_1
Lair:5:   gammafunk_cloud_chamber, dpeg_slime_entry_corner,
          minmay_lair_oklob_bushes
Lair:6:   evil_forest
Ossuary:  ossuary_crypta

Table legend:
 A = Turns spent in this place as a percentage of turns spent in the entire game.
 B = Non-inter-level travel turns spent in this place as a percentage of non-inter-level travel turns spent in the entire game.
 C = Inter-level travel turns spent in this place as a percentage of turns spent in this place.
 D = Turns resting spent in this place as a percentage of non-inter-level travel turns spent in this place.
 E = Turns spent auto-exploring this place as a percentage of non-inter-level travel turns spent in this place.
 F = Non-inter-level travel turns spent in this place divided by the number of levels of this place that you've seen.
                   A       B       C       D       E      F
               +-------+-------+-------+-------+-------+----------------------
         Total | 100.0 | 100.0 |   4.6 |  33.8 |  46.1 | 1070.6
       Dungeon |  72.8 |  72.1 |   5.5 |  39.3 |  42.8 | 1334.1
        Temple |   0.5 |   0.5 |   0.0 |   0.0 |  78.5 | 107.0
          Lair |  25.1 |  25.6 |   2.6 |  19.3 |  57.8 | 867.8
       Ossuary |   1.7 |   1.7 |   0.0 |  28.6 |   4.0 | 353.0
               +-------+-------+-------+-------+-------+----------------------

Table legend:
 A = Kills in this place as a percentage of kills in entire the game.
 B = Kills by you in this place as a percentage of kills by you in the entire game.
 C = Kills by friends in this place as a percentage of kills by friends in the entire game.
 D = Other kills in this place as a percentage of other kills in the entire game.
 E = Experience gained in this place as a percentage of experience gained in the entire game.
 F = Experience gained in this place divided by the number of levels of this place that you have seen.
                   A       B       C       D       E      F
               +-------+-------+-------+-------+-------+----------------------
         Total | 100.0 | 100.0 | 100.0 | 100.0 | 100.0 | 3427.2
       Dungeon |  65.6 |  65.7 |   0.0 | 100.0 |  35.9 | 2126.5
          Lair |  32.1 |  32.0 | 100.0 |   0.0 |  63.7 | 6917.3
       Ossuary |   2.3 |   2.3 |   0.0 |   0.0 |   0.3 | 220.0
               +-------+-------+-------+-------+-------+----------------------
